 Dungeon Crawl Stone Soup version 0.29-a0-222-g5b244fca1f (webtiles) character file.

Game seed: 7997036390288414718

142964 sanka the Fighter (level 17, 0/137 HPs)
             Began as a Gnoll Wanderer on Feb 26, 2022.
             Was the Champion of the Shining One.
             Slain by an alligator (3 damage)
             ... on level 1 of the Swamp on Feb 27, 2022.
             The game lasted 01:20:30 (37249 turns).

sanka the Fighter (Gnoll Wanderer)                 Turns: 37249, Time: 01:20:31

Health: 0/137      AC: 26    Str:  8    XL:     17   Next: 36%
Magic:  32/32      EV: 17    Int: 18    God:    the Shining One [******]
Gold:   1187       SH: 20    Dex: 19    Spells: 28/39 levels left

rFire   + . .      SeeInvis .   a - +9 trishula (holy)
rCold   + . .      Faith    .   h - +2 kite shield {rC+}
rNeg    + + +      Spirit   .   I - +6 acid dragon scales
rPois   +          Reflect  +   z - +2 helmet
rElec   .          Harm     .   K - +0 cloak
rCorr   +          Rampage  .   m - +1 pair of gloves "Rinuphis" {*Corrode +Inv rF+ Dex+2}
Will    +....                   L - +2 pair of boots
Stlth   ++........              M - amulet of reflection
HPRegen 0.32/turn               u - ring of poison resistance
MPRegen 0.23/turn               o - +4 ring of slaying

@: glowing, studying Bows
A: fangs 1, strong nose, distributed training
a: Renounce Religion, Evoke Invisibility, Divine Shield, Cleansing Flame, Summon
Divine Warrior


You were on level 1 of the Swamp.
You worshipped the Shining One.
The Shining One was exalted by your worship.
You visited 4 branches of the dungeon, and saw 25 of its levels.
You also visited: Bailey, Ice Cave and Volcano.

You collected 3852 gold pieces.
You spent 2665 gold pieces at shops.


Innate Abilities, Weirdness & Mutations

You have very sharp teeth.
Your uncanny sense of smell can sniff out nearby items.
Your experience applies equally to all skills.


   Skills:
 + Level 13.2 Fighting
 + Level 12.4 Short Blades
 + Level 11.6 Long Blades
 + Level 11.6 Axes
 + Level 11.6 Maces & Flails
 + Level 11.6 Polearms
 + Level 11.6 Staves
 + Level 11.6 Slings
 + Level 12.7 Bows
 + Level 11.6 Crossbows
 + Level 11.6 Throwing
 + Level 11.6 Armour
 + Level 11.6 Dodging
 + Level 11.6 Stealth
 + Level 11.6 Shields
 + Level 11.6 Unarmed Combat
 + Level 11.9 Spellcasting
 + Level 9.8 Conjurations
 + Level 9.8 Hexes
 + Level 9.8 Summonings
 + Level 9.8 Necromancy
 + Level 9.8 Translocations
 + Level 9.8 Transmutations
 + Level 9.8 Fire Magic
 + Level 9.8 Ice Magic
 + Level 10.5 Air Magic
 + Level 9.8 Earth Magic
 + Level 9.8 Poison Magic
 + Level 12.8 Invocations
 + Level 11.9 Evocations


You had 28 spell levels left.
You knew the following spells:

 Your Spells              Type           Power      Damage    Failure   Level
x - Stone Arrow           Conj/Erth      92%        3d12      1%          3
y - Poisonous Vapours     Pois/Air       94%        N/A       1%          2
z - Shock                 Conj/Air       100%       1d9       1%          1
X - Irradiate             Conj/Tmut      23%        3d21      11%         5

Your spell library contained the following spells:

 Spells                   Type           Power      Damage    Failure   Level
 Animate Skeleton         Necr           92%        N/A       1%          1
 Foxfire                  Conj/Fire      100%       2x1d9     1%          1
 Pain                     Necr           100%       1d9       1%          1
 Corpse Rot               Necr/Air       94%        N/A       1%          2
 Ensorcelled Hibernation  Hex/Ice        92%        N/A       1%          2
 Call Canine Familiar     Summ           46%        N/A       1%          3
 Conjure Flame            Conj/Fire      46%        6-21      1%          3
 Dazzling Flash           Conj/Hex       92%        N/A       1%          3
 Inner Flame              Hex/Fire       46%        N/A       1%          3
 Portal Projectile        Hex/Tloc       92%        N/A       1%          3
 Spider Form              Tmut/Pois      46%        N/A       1%          3
 Vampiric Draining        Necr           46%        2d9       1%          3
 Anguish                  Hex/Necr       23%        N/A       3%          4
 Animate Armour           Summ/Erth      92%        N/A       3%          4
 Cause Fear               Hex            23%        N/A       3%          4
 Dispel Undead            Necr           46%        3d18      3%          4
 Flame Wave               Conj/Fire      46%        2d10      3%          4
 Iskenderun's Mystic Bla  Conj/Tloc      46%        2d10      3%          4
 Leda's Liquefaction      Hex/Erth       23%        N/A       3%          4
 Blade Hands              Tmut           23%        N/A       11%         5
 Excruciating Wounds      Necr           23%        N/A       11%         5
 Lee's Rapid Deconstruct  Erth           23%        3d14*     11%         5
 Death Channel            Necr           23%        N/A       50%         6
 Iron Shot                Conj/Erth      23%        9d5       50%         6
 Starburst                Conj/Fire      23%        6d8       50%         6
 Statue Form              Tmut/Erth      30%        N/A       50%         6
 Dragon Form              Tmut           23%        N/A       97%         7
 Lehudib's Crystal Spear  Conj/Erth      23%        10d6      100%        8
 Dragon's Call            Summ           23%        N/A       100%        9

Inventory:

Hand Weapons
 a - a +9 trishula of holy wrath (weapon)
 b - the +8 hand axe "Leviticus" {venom, Str+5 Int+4}

   It poisons the flesh of those it strikes.
   Str:       It affects your strength (+5).
   Int:       It affects your intelligence (+4).
Missiles
 q - 20 poisoned darts
 x - 3 throwing nets {=f}
 y - 8 curare-tipped darts {=f}
Armour
 h - a +2 kite shield of cold resistance (worn)
 m - the +1 pair of gloves "Rinuphis" (worn) {*Corrode +Inv rF+ Dex+2}

   Dex:       It affects your dexterity (+2).
   rF:        It protects you from fire.
   +Inv:      It lets you turn invisible.
   *Corrode:  It may corrode you when you take damage.
 z - a +2 helmet (worn)
 I - +6 acid dragon scales (worn)
 K - a +0 cloak (worn)
 L - a +2 pair of boots (worn)
 U - a scarf of resistance
Jewellery
 d - a +4 ring of protection
 o - a +4 ring of slaying (right hand)
 u - a ring of poison resistance (left hand)
 M - an amulet of reflection (around neck)
 O - a +4 ring of evasion
 R - an amulet of regeneration
Wands
 f - a wand of polymorph (14)
 g - a wand of flame (21)
 k - a wand of charming (5)
 s - a wand of iceblast (28)
 A - a wand of acid (14)
 J - a wand of paralysis (10)
 T - a wand of mindburst (6)
 X - a wand of digging (17)
Scrolls
 e - 13 scrolls of teleportation {@r4}
 r - 7 scrolls of fear
 B - 7 scrolls of blinking
 C - 3 scrolls of vulnerability {!r}
 D - 4 scrolls of magic mapping
 F - 3 scrolls of enchant weapon
 N - a scroll of identify {@r1}
 P - 2 scrolls of fog
 Q - a scroll of brand weapon
Potions
 c - 2 potions of resistance
 i - 6 potions of mutation {!q}
 j - 12 potions of curing {@q1}
 l - 7 potions of haste {@q3}
 n - 4 potions of lignification {!q}
 p - 2 potions of ambrosia
 t - a potion of berserk rage {!q}
 v - 9 potions of heal wounds {@q2}
 w - 2 potions of cancellation
 E - 2 potions of magic
 G - a potion of brilliance
 H - 4 potions of might
 Y - a potion of attraction {!q}

Dungeon Overview and Level Annotations

Branches:
Dungeon (15/15)            Temple (0/1) D:4            Lair (6/6) D:10
  Swamp (2/4) Lair:3       Spider (0/4) Lair:3        Slime (0/5) Lair:5
    Orc (2/2) D:12            Elf (0/3) Orc:2        Vaults (0/5) D:14
 Depths (0/4) D:15         Bailey (visited)           IceCv (visited)
Volcano (visited)

Altars:
Ashenzari
Fedhas
Hepliaklqana
Kikubaaqudgha
Nemelex Xobeh
Vehumet
Xom
The Shining One
Beogh
Jiyva

Shops:
D:2 :   D:3 =   D:7 (   D:9 ?   D:12 ?   D:13 *   Orc:1 (   Orc:2 !?((

Annotations:
D:6 1 runed translucent door, bmj180's ghost, novice MfIE
Lair:1 1 runed translucent door
Lair:5 2 transporters, 1 runed translucent door, exclusion: oklob plant, Capogack's ghost, journeyman MiFi

≈≈≈≈≈≈≈...)≈≈≈≈≈≈.≈≈..♣♣♣≈≈≈.....
≈≈≈≈......≈≈≈≈≈≈≈...≈..♣≈≈..≈..≈≈
♣.....≈≈≈≈≈........≈≈.♣♣♣[..≈#≈≈≈
♣....≈≈≈≈≈♣..≈≈[..≈≈#♣♣ ♣≈.≈#≈#≈≈
♣≈...#≈≈≈.≈≈......≈≈≈♣ ♣♣♣..≈≈≈.
♣..≈≈≈≈≈.......♣♣≈..♣♣ ♣♣♣≈♣≈...
♣..≈≈≈≈≈.......♣..≈.≈♣ ♣♣≈.♣≈....
♣♣≈≈≈≈≈≈.≈≈≈♣♣♣♣.≈≈#≈♣ ♣#.▒▒▒.▒..
♣....≈≈≈.≈≈..♣♣Dgt≈≈♣♣ ♣♣.▒....▒.
..≈♣....♣♣≈≈≈≈..≈≈≈.♣♣ ♣♣.▒....▒.
≈♣..#.....♣♣♣....≈≈≈≈♣♣♣≈.▒....▒≈
♣..♣≈.♣...♣ ♣♣♣...≈≈..♣≈..▒..♣..≈
.♣♣♣♣♣♣♣≈≈♣ ♣≈♣♣.≈≈≈.♣.≈▒.≈≈...
..♣♣ ♣♣♣♣♣♣ ♣♣♣♣..≈..≈.≈≈≈.....
#..♣ ♣♣♣♣♣..♣♣♣≈≈♣♣♣♣≈..≈≈▒≈.≈≈≈.
♣..♣♣♣≈♣♣.≈#.≈≈.≈(♣♣♣...≈≈...≈≈.♣
♣≈♣♣♣≈..♣..<..♣#.≈≈≈.......≈♣♣♣♣.


You could see an alligator (swift) and an eight-headed hydra.


Message History

The eight-headed hydra bites you but does no damage.
You block the eight-headed hydra's attack.
The eight-headed hydra misses you.
The eight-headed hydra barely misses you.
The eight-headed hydra bites you.
* * * LOW HITPOINT WARNING * * *
The eight-headed hydra bites you but does no damage.
The eight-headed hydra bites you but does no damage.
The alligator misses you.
The alligator tail-slaps you but does no damage.
You hit the eight-headed hydra. You bite the eight-headed hydra.
The eight-headed hydra is heavily wounded.
You block the eight-headed hydra's attack.
The eight-headed hydra bites you but does no damage.
You block the eight-headed hydra's attack.
You block the eight-headed hydra's attack.
The eight-headed hydra misses you. The eight-headed hydra bites you!
* * * LOW HITPOINT WARNING * * *
The eight-headed hydra bites you but does no damage.
The eight-headed hydra bites you but does no damage.
The alligator bites you!
* * * LOW HITPOINT WARNING * * *
The alligator tail-slaps you but does no damage.
You hit the eight-headed hydra.
The eight-headed hydra is heavily wounded.
You block the alligator's attack. The alligator tail-slaps you.
You die...

Action                   |  1- 3 |  4- 6 |  7- 9 | 10-12 | 13-15 | 16-18 || total
-------------------------+-------+-------+-------+-------+-------+-------++-------
Melee: Short sword       |    21 |    37 |     8 |       |       |       ||    66
       Bite              |     2 |     3 |    10 |    41 |   260 |   167 ||   483
       Punch             |     2 |     2 |     5 |       |       |       ||     9
       Mace              |       |       |    91 |    78 |       |       ||   169
       Hand axe          |       |       |       |   224 |  1222 |     6 ||  1452
       Scimitar          |       |       |       |       |     9 |       ||     9
       Trishula          |       |       |       |       |    63 |   996 ||  1059
       Unarmed           |       |       |       |       |       |    12 ||    12
Throw: Dart              |       |       |       |     1 |       |       ||     1
 Cast: Shock             |    59 |    63 |    36 |     7 |       |     1 ||   166
       Poisonous Vapours |       |    23 |    64 |   117 |    40 |    16 ||   260
       Stone Arrow       |       |       |       |    23 |   138 |     4 ||   165
Invok: Divine Shield     |       |       |       |       |     4 |       ||     4
       Brand Weapon With |       |       |       |       |     1 |       ||     1
       Summon Divine War |       |       |       |       |       |     1 ||     1
Evoke: Wand              |       |       |       |       |     2 |       ||     2
  Use: Scroll            |       |       |     7 |     5 |    14 |    15 ||    41
       Potion            |       |       |       |     1 |     1 |     1 ||     3
Armor: Robe              |     3 |     4 |    26 |       |       |       ||    33
       Acid dragon scale |       |       |       |    64 |   324 |   224 ||   612
Dodge: Dodged            |    19 |    25 |    80 |   113 |   511 |   355 ||  1103
Block: Buckler           |       |       |     2 |   135 |   151 |       ||   288
       Reflection        |       |       |       |    11 |    10 |    35 ||    56
       Kite shield       |       |       |       |       |   814 |   768 ||  1582
       Other             |       |       |       |       |       |     1 ||     1

Levels and vault maps discovered:
D:1:      saegor_arrival_miasma, layout_rooms
D:2:      layout_loops_cross, dreamdust_ecumenical_altar_angels_and_demons,
          serial_shops, nicolae_shop_temple_entry_statues_fountains, hex_medium,
          serial_bayou_pond_a, uniq_jessica
D:3:      layout_loops_ring, serial_shops, shop, uniq_sigmund
D:4:      layout_rooms, minmay_temple_entry_antechambers, minmay_cupped,
          uniq_pikel, uniq_eustachio
D:5:      layout_cave_pools, vehumet_crystals, abandoned_shop
D:6:      layout_cave_pools, nemelex_dance_club_becter, ebering_ghost_xom,
          abandoned_shop, minmay_misc_feat_roman, chequers_hall_statues_y,
          st_stairs_3
D:7:      layout_loops_cross, lemuel_zombie_altar_kikubaaqudgha, serial_shops,
          shop, grunt_decor_resistance, hex_tiny, lightli_minifort, uniq_maggie
D:8:      layout_loops_ring, gammafunk_temple_overflow_pools
D:9:      layout_basic, enter_bailey_3, serial_shops, shop,
          nicolae_underground_beach
D:10:     layout_layer_cave, minmay_lair_entry_grove, kennysheep_path_1,
          dk_noncrumbling_3
D:11:     layout_cave_pods, uniq_erica
D:12:     layout_roguey, hiddenorc2_lemuel, serial_shops, shop,
          portal_ice_cave_entry_ice_simulacra, uniq_nergalle
D:13:     layout_stronghold, serial_shops, shop, nicolae_ashenzari_panopticon
D:14:     layout_loops_ring, grunt_vaults_entry_tiered, grunt_decor_clamped,
          uniq_kirke
D:15:     hangedman_depths_entry_civil_slaughter, layout_cross, serial_bayou,
          serial_bayou_pond_c, serial_bayou_pond_c, serial_bayou_pond_e,
          serial_bayou_crossing, serial_bayou_pond_b, serial_bayou_pond_c
Lair:1:   gammafunk_lair_enchanted_lake, layout_long_grid
Lair:2:   layout_small_grid, chequers_serial_rivers_marsh
Lair:3:   layout_roguey, minmay_swamp_entry_worms,
          hellmonk_spider_entry_life_and_decay, enter_volcano_4
Lair:4:   layout_regular_city, hangedman_tree_tricks
Lair:5:   layout_loops_ring, slime_altar_2, nzn_ghost_randoct,
          grunt_forest_large_clearings
Lair:6:   minmay_lair_end_enchanted_forest, layout_gridlike
Swamp:1:  layout_basic_swamp, evilmike_swamp_ruin_house_6
Swamp:2:  layout_basic_swamp, evilmike_swamp_ruin_rubble_2
Orc:1:    orc_temple, layout_diamond_mine, nicolae_shop_firing_range,
          uniq_harold, uniq_fannar
Orc:2:    st_orc_elflike, layout_caves, basic_altar, lightli_orcish_oven,
          uniq_azrael, uniq_sonja, uniq_nessos

Notes
Turn   | Place    | Note
-------+----------+-------------------------------------------
     0 | D:1      | sanka the Gnoll Wanderer began the quest for the Orb.
     0 | D:1      | sanka set off with the following items: a +1 short sword, a
                  | +0 robe; and the following spell memorised: Shock; and the
                  | following spells available to memorise: Corpse Rot,
                  | Poisonous Vapours
     0 | D:1      | Reached XP level 1. HP: 23/23 MP: 4/4
   173 | D:1      | Reached XP level 2. HP: 22/29 MP: 1/5
   662 | D:1      | Reached XP level 3. HP: 33/35 MP: 0/7
  1165 | D:2      | Noticed Jessica
  1173 | D:2      | Killed Jessica
  1174 | D:2      | Reached skill level 1 in Long Blades
  1174 | D:2      | Reached skill level 1 in Axes
  1174 | D:2      | Reached skill level 1 in Maces & Flails
  1174 | D:2      | Reached skill level 1 in Polearms
  1174 | D:2      | Reached skill level 1 in Staves
  1174 | D:2      | Reached skill level 1 in Slings
  1174 | D:2      | Reached skill level 1 in Bows
  1174 | D:2      | Reached skill level 1 in Crossbows
  1174 | D:2      | Reached skill level 1 in Throwing
  1174 | D:2      | Reached skill level 1 in Armour
  1174 | D:2      | Reached skill level 1 in Dodging
  1174 | D:2      | Reached skill level 1 in Stealth
  1174 | D:2      | Reached skill level 1 in Shields
  1174 | D:2      | Reached skill level 1 in Unarmed Combat
  1174 | D:2      | Reached XP level 4. HP: 41/41 MP: 3/8
  1441 | D:2      | Reached skill level 3 in Spellcasting
  1772 | D:2      | Found Zihoce Difa's Book Emporium.
  1784 | D:2      | Learned a level 2 spell: Poisonous Vapours
  1881 | D:2      | Found a faded altar of an unknown god.
  2046 | D:2      | Prayed at the altar of an unknown god.
  2046 | D:2      | Became a worshipper of the Shining One
  2046 | D:2      | Reached * piety under the Shining One
  2092 | D:2      | Reached skill level 1 in Conjurations
  2092 | D:2      | Reached skill level 1 in Hexes
  2092 | D:2      | Reached skill level 1 in Summonings
  2092 | D:2      | Reached skill level 1 in Necromancy
  2092 | D:2      | Reached skill level 1 in Translocations
  2092 | D:2      | Reached skill level 1 in Transmutations
  2092 | D:2      | Reached skill level 1 in Fire Magic
  2092 | D:2      | Reached skill level 1 in Ice Magic
  2092 | D:2      | Reached skill level 1 in Earth Magic
  2092 | D:2      | Reached skill level 1 in Poison Magic
  2460 | D:3      | Found Jorheoth's Jewellery Boutique.
  2461 | D:3      | Noticed Sigmund
  2508 | D:3      | Killed Sigmund
  2509 | D:3      | Reached skill level 4 in Air Magic
  2509 | D:3      | Reached skill level 3 in Invocations
  2509 | D:3      | Reached skill level 3 in Evocations
  2509 | D:3      | Reached XP level 5. HP: 22/47 MP: 1/10
  2509 | D:3      | Reached XP level 6. HP: 25/53 MP: 1/11
  2856 | D:3      | Reached skill level 5 in Short Blades
  2958 | D:3      | Reached skill level 2 in Long Blades
  2958 | D:3      | Reached skill level 2 in Axes
  2958 | D:3      | Reached skill level 2 in Maces & Flails
  2958 | D:3      | Reached skill level 2 in Polearms
  2958 | D:3      | Reached skill level 2 in Staves
  2958 | D:3      | Reached skill level 2 in Slings
  2958 | D:3      | Reached skill level 2 in Bows
  2958 | D:3      | Reached skill level 2 in Crossbows
  2958 | D:3      | Reached skill level 2 in Throwing
  2958 | D:3      | Reached skill level 2 in Armour
  2958 | D:3      | Reached skill level 2 in Dodging
  2958 | D:3      | Reached skill level 2 in Stealth
  2958 | D:3      | Reached skill level 2 in Shields
  2958 | D:3      | Reached skill level 2 in Unarmed Combat
  4099 | D:4      | Reached XP level 7. HP: 31/59 MP: 2/12
  4104 | D:4      | Reached skill level 7 in Fighting
  4387 | D:4      | Reached skill level 2 in Conjurations
  4387 | D:4      | Reached skill level 2 in Hexes
  4387 | D:4      | Reached skill level 2 in Summonings
  4387 | D:4      | Reached skill level 2 in Necromancy
  4387 | D:4      | Reached skill level 2 in Translocations
  4387 | D:4      | Reached skill level 2 in Transmutations
  4387 | D:4      | Reached skill level 2 in Fire Magic
  4387 | D:4      | Reached skill level 2 in Ice Magic
  4387 | D:4      | Reached skill level 2 in Earth Magic
  4387 | D:4      | Reached skill level 2 in Poison Magic
  4616 | D:4      | Identified the +8 mace "Daquyjir" {venom, rElec}
  4711 | D:4      | Noticed Pikel
  4745 | D:4      | Killed Pikel
  4746 | D:4      | Reached skill level 3 in Long Blades
  4746 | D:4      | Reached skill level 3 in Axes
  4746 | D:4      | Reached skill level 3 in Maces & Flails
  4746 | D:4      | Reached skill level 3 in Polearms
  4746 | D:4      | Reached skill level 3 in Staves
  4746 | D:4      | Reached skill level 3 in Slings
  4746 | D:4      | Reached skill level 3 in Bows
  4746 | D:4      | Reached skill level 3 in Crossbows
  4746 | D:4      | Reached skill level 3 in Throwing
  4746 | D:4      | Reached skill level 3 in Armour
  4746 | D:4      | Reached skill level 3 in Dodging
  4746 | D:4      | Reached skill level 3 in Stealth
  4746 | D:4      | Reached skill level 3 in Shields
  4746 | D:4      | Reached skill level 3 in Unarmed Combat
  4746 | D:4      | Reached skill level 4 in Spellcasting
  4746 | D:4      | Reached skill level 4 in Invocations
  4746 | D:4      | Reached skill level 4 in Evocations
  4746 | D:4      | Reached XP level 8. HP: 35/67 MP: 2/14
  4990 | D:4      | Identified a scroll of acquirement
  5017 | D:4      | Acquired 965 gold pieces
  5059 | D:3      | Bought a +4 ring of protection for 504 gold pieces
  5118 | D:4      | Found a staircase to the Ecumenical Temple.
  5157 | D:4      | Noticed Eustachio
  5179 | D:4      | Killed Eustachio
  5256 | D:4      | Identified the +0 pair of gloves of the Teacher {rN+ Dex+3}
  5407 | D:5      | Entered Level 5 of the Dungeon
  5530 | D:5      | Reached ** piety under the Shining One
  5557 | D:5      | Reached skill level 3 in Conjurations
  5557 | D:5      | Reached skill level 3 in Hexes
  5557 | D:5      | Reached skill level 3 in Summonings
  5557 | D:5      | Reached skill level 3 in Necromancy
  5557 | D:5      | Reached skill level 3 in Translocations
  5557 | D:5      | Reached skill level 3 in Transmutations
  5557 | D:5      | Reached skill level 3 in Fire Magic
  5557 | D:5      | Reached skill level 3 in Ice Magic
  5557 | D:5      | Reached skill level 3 in Earth Magic
  5557 | D:5      | Reached skill level 3 in Poison Magic
  5671 | D:5      | Reached skill level 6 in Short Blades
  5671 | D:5      | Reached XP level 9. HP: 72/72 MP: 9/16
  5728 | D:5      | Reached skill level 5 in Air Magic
  5728 | D:5      | Reached skill level 5 in Invocations
  5835 | D:5      | Found a radiant altar of Vehumet.
  6048 | D:6      | Found a runed translucent door.
  6048 | D:6      | Found a shimmering altar of Xom.
  6048 | D:6      | Noticed bmj180's ghost (novice MfIE)
  6295 | D:6      | Reached skill level 4 in Long Blades
  6295 | D:6      | Reached skill level 4 in Axes
  6295 | D:6      | Reached skill level 4 in Maces & Flails
  6295 | D:6      | Reached skill level 4 in Polearms
  6295 | D:6      | Reached skill level 4 in Staves
  6295 | D:6      | Reached skill level 4 in Slings
  6295 | D:6      | Reached skill level 4 in Bows
  6295 | D:6      | Reached skill level 4 in Crossbows
  6295 | D:6      | Reached skill level 4 in Throwing
  6295 | D:6      | Reached skill level 4 in Armour
  6295 | D:6      | Reached skill level 4 in Dodging
  6295 | D:6      | Reached skill level 4 in Stealth
  6295 | D:6      | Reached skill level 4 in Shields
  6295 | D:6      | Reached skill level 4 in Unarmed Combat
  6295 | D:6      | Reached skill level 5 in Spellcasting
  6564 | D:6      | Reached skill level 5 in Evocations
  6596 | D:6      | Reached skill level 8 in Fighting
  7216 | D:6      | Found a sparkling altar of Nemelex Xobeh.
  7418 | D:6      | Noticed a +2 long sword of chaos
  7479 | D:7      | Identified +1 acid dragon scales
  7479 | D:7      | Noticed Maggie
  7555 | D:7      | Killed Maggie
  7556 | D:7      | Reached XP level 10. HP: 51/80 MP: 8/18
  7767 | D:7      | Reached skill level 4 in Conjurations
  7767 | D:7      | Reached skill level 4 in Hexes
  7767 | D:7      | Reached skill level 4 in Summonings
  7767 | D:7      | Reached skill level 4 in Necromancy
  7767 | D:7      | Reached skill level 4 in Translocations
  7767 | D:7      | Reached skill level 4 in Transmutations
  7767 | D:7      | Reached skill level 4 in Fire Magic
  7767 | D:7      | Reached skill level 4 in Ice Magic
  7767 | D:7      | Reached skill level 4 in Earth Magic
  7767 | D:7      | Reached skill level 4 in Poison Magic
  7831 | D:7      | Found Onuehael's Antique Weapon Boutique.
  7948 | D:7      | Reached skill level 6 in Invocations
  8304 | D:7      | Identified the +1 pair of gloves "Rinuphis" {*Corrode +Inv
                  | rF+ Dex+2}
  8356 | D:7      | Reached skill level 5 in Long Blades
  8356 | D:7      | Reached skill level 5 in Axes
  8356 | D:7      | Reached skill level 5 in Maces & Flails
  8356 | D:7      | Reached skill level 5 in Polearms
  8356 | D:7      | Reached skill level 5 in Staves
  8356 | D:7      | Reached skill level 5 in Slings
  8356 | D:7      | Reached skill level 5 in Bows
  8356 | D:7      | Reached skill level 5 in Crossbows
  8356 | D:7      | Reached skill level 5 in Throwing
  8356 | D:7      | Reached skill level 5 in Armour
  8356 | D:7      | Reached skill level 5 in Dodging
  8356 | D:7      | Reached skill level 5 in Stealth
  8356 | D:7      | Reached skill level 5 in Shields
  8356 | D:7      | Reached skill level 5 in Unarmed Combat
  8754 | D:3      | Bought an amulet of reflection for 420 gold pieces
  8942 | D:7      | Found an ancient bone altar of Kikubaaqudgha.
  9176 | D:8      | Reached *** piety under the Shining One
  9286 | D:8      | Found a hazy altar of Hepliaklqana.
  9292 | D:8      | Reached skill level 7 in Short Blades
  9298 | D:8      | Found a blossoming altar of Fedhas.
  9408 | D:8      | Noticed a two-headed ogre
  9444 | D:8      | Killed a two-headed ogre
  9445 | D:8      | Reached skill level 6 in Spellcasting
  9445 | D:8      | Reached skill level 6 in Evocations
 10062 | D:9      | Identified the +8 hand axe "Leviticus" {venom, Str+5 Int+4}
 10111 | D:9      | Reached skill level 6 in Air Magic
 10184 | D:9      | Noticed a two-headed ogre
 10197 | D:9      | Killed a two-headed ogre
 10223 | D:9      | Found a flagged portal.
 10372 | Bailey   | Entered a bailey
 10462 | Bailey   | Reached **** piety under the Shining One
 10531 | Bailey   | Reached XP level 11. HP: 83/87 MP: 11/20
 10609 | Bailey   | Reached skill level 7 in Invocations
 10763 | Bailey   | Reached skill level 9 in Fighting
 10763 | Bailey   | Reached skill level 6 in Long Blades
 10763 | Bailey   | Reached skill level 6 in Axes
 10763 | Bailey   | Reached skill level 6 in Maces & Flails
 10763 | Bailey   | Reached skill level 6 in Polearms
 10763 | Bailey   | Reached skill level 6 in Staves
 10763 | Bailey   | Reached skill level 6 in Slings
 10763 | Bailey   | Reached skill level 6 in Bows
 10763 | Bailey   | Reached skill level 6 in Crossbows
 10763 | Bailey   | Reached skill level 6 in Throwing
 10763 | Bailey   | Reached skill level 6 in Armour
 10763 | Bailey   | Reached skill level 6 in Dodging
 10763 | Bailey   | Reached skill level 6 in Stealth
 10763 | Bailey   | Reached skill level 6 in Shields
 10763 | Bailey   | Reached skill level 6 in Unarmed Combat
 10865 | Bailey   | Identified the +1 scale mail of Nomeakho {Int+2}
 10902 | Bailey   | Noticed an orc warlord
 10955 | Bailey   | Killed an orc warlord
 10956 | Bailey   | Reached skill level 5 in Conjurations
 10956 | Bailey   | Reached skill level 5 in Hexes
 10956 | Bailey   | Reached skill level 5 in Summonings
 10956 | Bailey   | Reached skill level 5 in Necromancy
 10956 | Bailey   | Reached skill level 5 in Translocations
 10956 | Bailey   | Reached skill level 5 in Transmutations
 10956 | Bailey   | Reached skill level 5 in Fire Magic
 10956 | Bailey   | Reached skill level 5 in Ice Magic
 10956 | Bailey   | Reached skill level 5 in Earth Magic
 10956 | Bailey   | Reached skill level 5 in Poison Magic
 11177 | Bailey   | Reached skill level 8 in Short Blades
 11177 | Bailey   | Reached skill level 7 in Long Blades
 11177 | Bailey   | Reached skill level 7 in Axes
 11177 | Bailey   | Reached skill level 7 in Maces & Flails
 11177 | Bailey   | Reached skill level 7 in Polearms
 11177 | Bailey   | Reached skill level 7 in Staves
 11177 | Bailey   | Reached skill level 7 in Slings
 11177 | Bailey   | Reached skill level 7 in Bows
 11177 | Bailey   | Reached skill level 7 in Crossbows
 11177 | Bailey   | Reached skill level 7 in Throwing
 11177 | Bailey   | Reached skill level 7 in Armour
 11177 | Bailey   | Reached skill level 7 in Dodging
 11177 | Bailey   | Reached skill level 7 in Stealth
 11177 | Bailey   | Reached skill level 7 in Shields
 11177 | Bailey   | Reached skill level 7 in Unarmed Combat
 11177 | Bailey   | Reached skill level 7 in Spellcasting
 11177 | Bailey   | Reached skill level 7 in Air Magic
 11177 | Bailey   | Reached skill level 8 in Invocations
 11177 | Bailey   | Reached skill level 7 in Evocations
 11177 | Bailey   | Reached XP level 12. HP: 97/97 MP: 21/23
 11246 | Bailey   | Learned a level 3 spell: Stone Arrow
 11374 | D:9      | Found Aghyf's Magic Scroll Emporium.
 11382 | D:9      | Bought a scroll of blinking for 97 gold pieces
 11382 | D:9      | Bought a scroll of magic mapping for 45 gold pieces
 11382 | D:9      | Bought a scroll of enchant armour for 97 gold pieces
 11382 | D:9      | Bought a scroll of fog for 26 gold pieces
 11382 | D:9      | Bought a scroll of identify for 26 gold pieces
 11695 | D:10     | Entered Level 10 of the Dungeon
 12665 | D:10     | Reached skill level 6 in Conjurations
 12665 | D:10     | Reached skill level 6 in Hexes
 12665 | D:10     | Reached skill level 6 in Summonings
 12665 | D:10     | Reached skill level 6 in Necromancy
 12665 | D:10     | Reached skill level 6 in Translocations
 12665 | D:10     | Reached skill level 6 in Transmutations
 12665 | D:10     | Reached skill level 6 in Fire Magic
 12665 | D:10     | Reached skill level 6 in Ice Magic
 12665 | D:10     | Reached skill level 6 in Earth Magic
 12665 | D:10     | Reached skill level 6 in Poison Magic
 12748 | D:10     | Found a staircase to the Lair.
 13012 | D:11     | Reached skill level 8 in Spellcasting
 13108 | D:11     | Reached skill level 10 in Fighting
 13589 | D:11     | Noticed a centaur warrior
 13606 | D:11     | Killed a centaur warrior
 13607 | D:11     | Reached skill level 8 in Evocations
 13887 | D:11     | Noticed a boulder beetle
 13899 | D:11     | Killed a boulder beetle
 13900 | D:11     | Reached skill level 9 in Short Blades
 14068 | D:11     | Noticed Erica
 14102 | D:11     | Killed Erica
 14216 | D:11     | Reached XP level 13. HP: 103/103 MP: 10/25
 14525 | Lair:1   | Entered Level 1 of the Lair of Beasts
 14673 | Lair:1   | Reached skill level 9 in Invocations
 14970 | Lair:1   | Reached skill level 8 in Long Blades
 14970 | Lair:1   | Reached skill level 8 in Axes
 14970 | Lair:1   | Reached skill level 8 in Maces & Flails
 14970 | Lair:1   | Reached skill level 8 in Polearms
 14970 | Lair:1   | Reached skill level 8 in Staves
 14970 | Lair:1   | Reached skill level 8 in Slings
 14970 | Lair:1   | Reached skill level 8 in Bows
 14970 | Lair:1   | Reached skill level 8 in Crossbows
 14970 | Lair:1   | Reached skill level 8 in Throwing
 14970 | Lair:1   | Reached skill level 8 in Armour
 14970 | Lair:1   | Reached skill level 8 in Dodging
 14970 | Lair:1   | Reached skill level 8 in Stealth
 14970 | Lair:1   | Reached skill level 8 in Shields
 14970 | Lair:1   | Reached skill level 8 in Unarmed Combat
 15970 | Lair:1   | Noticed a dire elephant
 15970 | Lair:1   | Noticed a dire elephant
 15992 | Lair:1   | Found a runed translucent door.
 16294 | Lair:1   | Upgraded the game from 0.29-a0-221-gceb61267dd to
                  | 0.29-a0-222-g5b244fca1f
 17122 | Lair:2   | Reached skill level 8 in Air Magic
 17901 | Lair:3   | Found a hole to the Spider Nest.
 17939 | Lair:3   | Reached skill level 7 in Conjurations
 17939 | Lair:3   | Reached skill level 7 in Hexes
 17939 | Lair:3   | Reached skill level 7 in Summonings
 17939 | Lair:3   | Reached skill level 7 in Necromancy
 17939 | Lair:3   | Reached skill level 7 in Translocations
 17939 | Lair:3   | Reached skill level 7 in Transmutations
 17939 | Lair:3   | Reached skill level 7 in Fire Magic
 17939 | Lair:3   | Reached skill level 7 in Ice Magic
 17939 | Lair:3   | Reached skill level 7 in Earth Magic
 17939 | Lair:3   | Reached skill level 7 in Poison Magic
 17953 | Lair:3   | Found a dark tunnel.
 17968 | Volcano  | Entered a volcano
 18190 | Volcano  | Reached skill level 9 in Spellcasting
 18332 | Volcano  | Reached skill level 9 in Evocations
 18556 | Volcano  | Noticed an orb of fire
 18558 | Volcano  | Noticed an orb of fire
 19130 | Lair:3   | Reached XP level 14. HP: 96/111 MP: 18/27
 19272 | Lair:3   | Reached skill level 10 in Invocations
 19280 | Lair:3   | Reached skill level 11 in Fighting
 19280 | Lair:3   | Reached skill level 10 in Short Blades
 19466 | Lair:3   | Reached ***** piety under the Shining One
 19488 | Lair:3   | Reached skill level 9 in Long Blades
 19488 | Lair:3   | Reached skill level 9 in Axes
 19488 | Lair:3   | Reached skill level 9 in Maces & Flails
 19488 | Lair:3   | Reached skill level 9 in Polearms
 19488 | Lair:3   | Reached skill level 9 in Staves
 19488 | Lair:3   | Reached skill level 9 in Slings
 19488 | Lair:3   | Reached skill level 9 in Bows
 19488 | Lair:3   | Reached skill level 9 in Crossbows
 19488 | Lair:3   | Reached skill level 9 in Throwing
 19488 | Lair:3   | Reached skill level 9 in Armour
 19488 | Lair:3   | Reached skill level 9 in Dodging
 19488 | Lair:3   | Reached skill level 9 in Stealth
 19488 | Lair:3   | Reached skill level 9 in Shields
 19488 | Lair:3   | Reached skill level 9 in Unarmed Combat
 19759 | Lair:3   | Found a staircase to the Swamp.
 20715 | Lair:4   | Found a blossoming altar of Fedhas.
 22219 | Lair:5   | Found a transporter.
 22225 | Lair:5   | Noticed Capogack's ghost (journeyman MiFi)
 22253 | Lair:6   | Entered Level 6 of the Lair of Beasts
 22536 | Lair:6   | Reached skill level 10 in Spellcasting
 22542 | Lair:6   | Reached skill level 8 in Conjurations
 22542 | Lair:6   | Reached skill level 8 in Hexes
 22542 | Lair:6   | Reached skill level 8 in Summonings
 22542 | Lair:6   | Reached skill level 8 in Necromancy
 22542 | Lair:6   | Reached skill level 8 in Translocations
 22542 | Lair:6   | Reached skill level 8 in Transmutations
 22542 | Lair:6   | Reached skill level 8 in Fire Magic
 22542 | Lair:6   | Reached skill level 8 in Ice Magic
 22542 | Lair:6   | Reached skill level 8 in Earth Magic
 22542 | Lair:6   | Reached skill level 8 in Poison Magic
 22960 | Lair:6   | Reached skill level 9 in Air Magic
 22960 | Lair:6   | Reached skill level 10 in Evocations
 23201 | Lair:5   | Reached XP level 15. HP: 113/119 MP: 29/29
 23406 | Lair:5   | Found a transporter.
 23443 | Lair:5   | Found a runed translucent door.
 23444 | Lair:5   | Found a viscous altar of Jiyva.
 23444 | Lair:5   | Noticed an acid blob
 23822 | Lair:5   | Reached skill level 11 in Invocations
 23855 | Lair:5   | Found a staircase to the Slime Pits.
 24384 | Lair:6   | Reached skill level 11 in Short Blades
 24416 | Lair:6   | Reached skill level 10 in Long Blades
 24416 | Lair:6   | Reached skill level 10 in Axes
 24416 | Lair:6   | Reached skill level 10 in Maces & Flails
 24416 | Lair:6   | Reached skill level 10 in Polearms
 24416 | Lair:6   | Reached skill level 10 in Staves
 24416 | Lair:6   | Reached skill level 10 in Slings
 24416 | Lair:6   | Reached skill level 10 in Bows
 24416 | Lair:6   | Reached skill level 10 in Crossbows
 24416 | Lair:6   | Reached skill level 10 in Throwing
 24416 | Lair:6   | Reached skill level 10 in Armour
 24416 | Lair:6   | Reached skill level 10 in Dodging
 24416 | Lair:6   | Reached skill level 10 in Stealth
 24416 | Lair:6   | Reached skill level 10 in Shields
 24416 | Lair:6   | Reached skill level 10 in Unarmed Combat
 24929 | D:12     | Found a staircase to the Orcish Mines.
 25317 | D:12     | Reached skill level 12 in Fighting
 25351 | D:12     | Noticed Nergalle
 25363 | D:12     | Killed Nergalle
 25401 | D:12     | Found Ojiof's Magic Scroll Emporium.
 25435 | D:12     | Found a frozen archway.
 25504 | IceCv    | Entered an ice cave
 25504 | IceCv    | Reached ****** piety under the Shining One
 26460 | IceCv    | HP: 11/120 [ironbound frostheart (14)]
 27351 | IceCv    | Identified a scarf of resistance
 27478 | D:12     | Identified a +2 trishula of holy wrath (a +0 demon trident
                  | of flaming blessed by the Shining One)
 27478 | D:12     | Received a gift from the Shining One
 27873 | D:12     | Bought a scroll of enchant weapon for 112 gold pieces
 27873 | D:12     | Bought a scroll of enchant weapon for 112 gold pieces
 27912 | Orc:1    | Entered Level 1 of the Orcish Mines
 28019 | Orc:1    | Noticed Fannar
 28033 | Orc:1    | Killed Fannar
 28171 | Orc:2    | Entered Level 2 of the Orcish Mines
 28171 | Orc:2    | Noticed Azrael
 28180 | Orc:1    | Reached XP level 16. HP: 112/127 MP: 30/30
 28514 | Orc:2    | Killed Azrael
 28829 | Orc:1    | Reached skill level 11 in Spellcasting
 29119 | Orc:1    | Found Koaduenid's Firing Range.
 29249 | Orc:1    | Reached skill level 11 in Bows
 29268 | Orc:1    | Reached skill level 11 in Evocations
 29312 | Orc:1    | HP: 6/129 [orc knight/+1 long sword of protection (8)]
 29651 | Orc:1    | Reached skill level 9 in Conjurations
 29651 | Orc:1    | Reached skill level 9 in Hexes
 29651 | Orc:1    | Reached skill level 9 in Summonings
 29651 | Orc:1    | Reached skill level 9 in Necromancy
 29651 | Orc:1    | Reached skill level 9 in Translocations
 29651 | Orc:1    | Reached skill level 9 in Transmutations
 29651 | Orc:1    | Reached skill level 9 in Fire Magic
 29651 | Orc:1    | Reached skill level 9 in Ice Magic
 29651 | Orc:1    | Reached skill level 9 in Earth Magic
 29651 | Orc:1    | Reached skill level 9 in Poison Magic
 30223 | Orc:2    | Noticed Sonja
 30240 | Orc:2    | Killed Sonja
 30241 | Orc:2    | Reached skill level 12 in Invocations
 30497 | Orc:2    | Noticed Nessos
 30504 | Orc:2    | Killed Nessos
 30820 | Orc:2    | Identified a +2 robe of the Archmagi
 30835 | Orc:2    | Reached skill level 10 in Air Magic
 31270 | Orc:2    | Found a staircase to the Elven Halls.
 31500 | Orc:2    | Found Ineidynkosk's Antique Weapon Emporium.
 31505 | Orc:2    | Found Juor's Antique Weapon Shop.
 31512 | Orc:2    | Found Noem's Magic Scroll Shop.
 31514 | Orc:2    | Found Tazxoick's Distillery.
 31666 | Orc:1    | Noticed Harold
 31682 | Orc:1    | Killed Harold
 31951 | Orc:2    | Bought a scroll of blinking for 105 gold pieces
 31951 | Orc:2    | Bought a scroll of blinking for 105 gold pieces
 31953 | Orc:2    | Bought a potion of haste for 180 gold pieces
 32121 | D:13     | Reached skill level 11 in Long Blades
 32121 | D:13     | Reached skill level 11 in Axes
 32121 | D:13     | Reached skill level 11 in Maces & Flails
 32121 | D:13     | Reached skill level 11 in Polearms
 32121 | D:13     | Reached skill level 11 in Staves
 32121 | D:13     | Reached skill level 11 in Slings
 32121 | D:13     | Reached skill level 11 in Crossbows
 32121 | D:13     | Reached skill level 11 in Throwing
 32121 | D:13     | Reached skill level 11 in Armour
 32121 | D:13     | Reached skill level 11 in Dodging
 32121 | D:13     | Reached skill level 11 in Stealth
 32121 | D:13     | Reached skill level 11 in Shields
 32121 | D:13     | Reached skill level 11 in Unarmed Combat
 32180 | D:13     | Found a broken altar of Ashenzari.
 32240 | D:13     | Identified the +1 cloak of Kanuwn {Harm Fly Str+4 Int+6}
 32623 | D:13     | Found Enoateb's General Store.
 32670 | D:13     | Bought a potion of might for 72 gold pieces
 32670 | D:13     | Bought a scroll of blinking for 135 gold pieces
 32670 | D:13     | Bought 3 scrolls of enchant armour for 405 gold pieces
 33128 | D:13     | Identified 2 potions of resistance
 33200 | D:12     | Bought a scroll of enchant armour for 112 gold pieces
 33200 | D:12     | Bought a scroll of enchant armour for 112 gold pieces
 33445 | D:14     | Reached skill level 12 in Short Blades
 34282 | D:14     | Reached skill level 12 in Bows
 34313 | D:14     | Found a gate to the Vaults.
 34411 | D:14     | Identified the +1 robe "Meucebb" {Slay+4}
 34546 | D:14     | Noticed Kirke
 34568 | D:14     | Killed Kirke
 35134 | D:15     | Entered Level 15 of the Dungeon
 35298 | D:15     | Reached XP level 17. HP: 135/135 MP: 27/32
 35307 | D:15     | Reached skill level 13 in Fighting
 35339 | D:15     | Found a staircase to the Depths.
 36210 | Swamp:1  | Entered Level 1 of the Swamp
 36372 | Swamp:1  | Learned a level 5 spell: Irradiate
 37248 | Swamp:1  | HP: 3/137 [alligator (14)]
 37249 | Swamp:1  | Slain by an alligator

Vanquished Creatures
  Kirke (D:14)
  An orc warlord (Bailey)
  Nessos (Orc:2)
  Azrael (Orc:2)
  An ettin (D:15)
  Fannar (Orc:1)
  2 ironbound frosthearts (IceCv)
  2 vault guards (D:14)
  2 hydras
  Harold (Orc:1)
  6 boulder beetles
  A catoblepas (Lair:2)
  A death knight (D:14)
  3 centaur warriors
  4 tengu warriors (D:15)
  Erica (D:11)
  4 alligators (Swamp:1)
  4 two-headed ogres
  5 orc high priests
  14 death yaks
  Sonja (Orc:2)
  Nergalle (D:12)
  9 skeletal warriors
  3 spriggan druids
  A bog body (Swamp:1)
  A glowing orange brain (D:15)
  Pikel (D:4)
  2 wizards
  2 lindwurms (Lair:4)
  3 necromancers
  11 orc knights
  2 deep elf pyromancers (D:14)
  8 ugly things
  A manticore (D:14)
  11 orc sorcerers
  2 oklob plants (Lair:4)
  5 black mambas
  5 cyclopes
  5 salamanders (Volcano)
  3 molten gargoyles (Volcano)
  12 elephants
  4 gargoyles
  4 unseen horrors
  A torpor snail (Lair:2)
  Maggie (D:7)
  An ice statue (IceCv)
  11 cane toads
  An efreet (D:15)
  2 rime drakes
  A rime drake (shapeshifter) (D:12)
  A kobold demonologist (D:13)
  A tengu conjurer (D:15)
  A freezing wraith (D:14)
  6 komodo dragons
  3 meliai (D:14)
  13 trolls
  14 polar bears
  28 blink frogs
  A hornet (shapeshifter) (D:15)
  6 tyrant leeches
  6 hornets
  6 slime creatures (D:15)
  4 dream sheep
  A dream sheep (shapeshifter) (D:13)
  A jumping spider (shapeshifter) (D:12)
  A water elemental (D:15)
  Sigmund (D:3)
  14 spriggans
  A shadow (D:11)
  2 culicivoras (Lair:3)
  3 fire elementals (Orc:1)
  A hog (D:14)
  6 wyverns
  3 wraiths
  Eustachio (D:4)
  4 basilisks
  65 yaks
  2 steam dragons
  20 humans (D:14)
  14 vampire mosquitoes
  A warg (Orc:1)
  2 swamp worms
  14 water moccasins
  4 hell hounds
  3 sky beasts
  A swamp drake (Swamp:1)
  4 black bears
  49 orc warriors
  3 necrophages
  92 wolves
  3 ogres
  5 boggarts (Lair:6)
  7 centaurs
  3 kobold brigands
  4 bullfrogs
  2 gnoll sergeants (D:9)
  A two-headed ogre simulacrum (D:12)
  4 scorpions
  8 killer bees (D:10)
  4 elephant simulacra (D:12)
  4 howler monkeys
  6 wights (D:8)
  An electric eel (D:7)
  3 jellies
  24 orc priests
  4 hounds (D:5)
  Jessica (D:2)
  A gnoll shaman (D:6)
  3 iguanas
  27 orc wizards
  2 spriggan simulacra (D:12)
  A naga simulacrum (D:12)
  13 adders
  20 gnolls
  3 shadow imps (D:7)
  A white imp (D:5)
  3 ufetubi
  A worm (D:2)
  3 dart slugs (D:2)
  71 orcs
  4 bats
  A bat zombie (D:7)
  11 endoplasms
  4 giant cockroaches
  27 goblins
  11 hobgoblins
  4 jackals (D:1)
  13 kobolds
  3 training dummies (Orc:1)
  8 ball pythons
  4 frilled lizards
  6 rats
  2 rat zombies (D:7)
  A bush (D:10)
906 creatures vanquished.

Vanquished Creatures (collateral kills)
  An orc warlord (Orc:1)
  An orc warrior (Orc:1)
2 creatures vanquished.

Vanquished Creatures (others)
  2 bloated husks (Swamp:1)
  A wolf (IceCv)
  A kobold (D:8)
  44 fungi
  50 plants
  12 toadstools (Lair:1)
110 creatures vanquished.

Grand Total: 1018 creatures vanquished
